AA
ST. PAUL SAINTS @ LINCOLN SALTDOGS
07/29/2072
 
TOP OF THE 1ST
Chicago Dogs batting - Pitching for Gary SouthShore RailCats : RHP Neel Kenter
Pitching: RHP Neel Kenter
Batting: RHB Tom Barlow 0-0: Ball
1-0: Fly out, F9 (Flyball, 9LD, EV 103.1 MPH)
Batting: SHB Ramiro Rivera 0-0: Ball
1-0: Ground out 5-3 (Groundball, 5, EV 80.0 MPH)
Batting: RHB Ruben Martinez 0-0: Called Strike
0-1: Swinging Strike
0-2: Fly out, F8 (Flyball, 8RXD, EV 79.4 MPH)
Top of the 1st over - 0 runs, 0 hits, 0 errors, 0 left on base; Chicago 0 - Gary SouthShore 0
BOTTOM OF THE 1ST
Gary SouthShore RailCats batting - Pitching for Chicago Dogs : RHP Matt Nunes
Pitching: RHP Matt Nunes
Batting: RHB Sean Armor 0-0: Called Strike
0-1: Ball
1-1: Ground out 5-3 (Groundball, 56, EV 100.0 MPH)
Batting: LHB Alejandro Ortiz 0-0: Foul Ball, location: 2F
0-1: Swinging Strike
0-2: Foul Ball, location: 2F
0-2: SINGLE (Groundball, 4D, EV 94.4 MPH)
Batting: RHB Mark Zimny 0-0: Ball
1-0: Swinging Strike
1-1: Ball
2-1: SINGLE (Groundball, 6S, EV 70.0 MPH) (infield hit)
Alejandro Ortiz to second
Batting: LHB Mario Vega 0-0: Called Strike
0-1: Ball
1-1: Grounds into double play, 4-6-3 (Groundball, 4, EV 87.5 MPH)
Bottom of the 1st over - 0 runs, 2 hits, 0 errors, 1 left on base; Chicago 0 - Gary SouthShore 0
TOP OF THE 2ND
Chicago Dogs batting - Pitching for Gary SouthShore RailCats : RHP Neel Kenter
Batting: RHB Javier Cuevas 0-0: Called Strike
0-1: Foul Ball, location: 2F
0-2: Foul Ball, location: 2F
0-2: Ball
1-2: Ball
2-2: Foul Ball, location: 2F
2-2: Foul Ball, location: 2F
2-2: Fly out, F8 (Flyball, 89D, EV 82.5 MPH)
Batting: RHB Humberto Salas 0-0: Called Strike
0-1: Called Strike
0-2: Ball
1-2: Foul Ball, location: 2F
1-2: Ball
2-2: Foul Ball, location: 2F
2-2: Foul Ball, location: 2F
2-2: Strikes out looking
Batting: RHB Hector Torres 0-0: Ground out 4-3 (Groundball, 4, EV 104.4 MPH)
Top of the 2nd over - 0 runs, 0 hits, 0 errors, 0 left on base; Chicago 0 - Gary SouthShore 0
BOTTOM OF THE 2ND
Gary SouthShore RailCats batting - Pitching for Chicago Dogs : RHP Matt Nunes
Batting: RHB Ken Kelly 0-0: Called Strike
0-1: Ball
1-1: Foul Ball, location: 2F
1-2: Foul Ball, location: 2F
1-2: Ball
2-2: Ball
3-2: Foul Ball, location: 2F
3-2: SINGLE (Flyball, 7LS, EV 88.8 MPH)
Batting: SHB Nick Butler 0-0: Ball
1-0: Fly out, F8 (Flyball, 78D, EV 105.6 MPH)
Batting: RHB Kevin Oliver 0-0: Called Strike
0-1: Ball
1-1: Swinging Strike
1-2: Ball
2-2: Foul Ball, location: 2F
2-2: DOUBLE (Flyball, 8RXD, EV 93.8 MPH)
Ken Kelly to third
Runner from 3rd tries for Home, SAFE, no throw by CF
Batting: SHB Art Jenkins 0-0: Swinging Strike
0-1: Ball
1-1: Foul Ball, location: 2F
1-2: Ball
2-2: Ball
3-2: Base on Balls
Batting: RHB Jesus Mantilla 0-0: Ball
1-0: Ball
2-0: Foul Ball, location: 2F
2-1: Grounds into double play, 6-4-3 (Groundball, 6, EV 105.0 MPH)
Bottom of the 2nd over - 1 run, 2 hits, 0 errors, 1 left on base; Chicago 0 - Gary SouthShore 1
TOP OF THE 3RD
Chicago Dogs batting - Pitching for Gary SouthShore RailCats : RHP Neel Kenter
Batting: LHB Sebastien Brantley 0-0: Ball
1-0: Ground out 5-3 (Groundball, 56S, EV 86.9 MPH)
Batting: RHB Tim Skrzypek 0-0: Called Strike
0-1: Swinging Strike
0-2: Ball
1-2: Fly out, F7 (Line Drive, 7, EV 90.0 MPH)
Batting: RHB Oscar Leon 0-0: Ball
1-0: Ball
2-0: Called Strike
2-1: Swinging Strike
2-2: Ball
3-2: Strikes out swinging, 2-3 out at first.
Top of the 3rd over - 0 runs, 0 hits, 0 errors, 0 left on base; Chicago 0 - Gary SouthShore 1
BOTTOM OF THE 3RD
Gary SouthShore RailCats batting - Pitching for Chicago Dogs : RHP Matt Nunes
Batting: RHB Sean Armor 0-0: Called Strike
0-1: Ground out 5-3 (Groundball, 5, EV 104.4 MPH)
Batting: LHB Alejandro Ortiz 0-0: Swinging Strike
0-1: Ball
1-1: SINGLE (Groundball, 34D, EV 95.6 MPH)
Batting: RHB Mark Zimny 0-0: Ball
1-0: Fly out, F3 (Popup, 3SF, EV 64.4 MPH)
Batting: LHB Mario Vega 0-0: Ball
1-0: Foul Ball, location: 2F
1-1: Ball
2-1: Ball
3-1: Base on Balls
Alejandro Ortiz to second
Batting: RHB Ken Kelly 0-0: Ground out 3-1 (Groundball, 34S, EV 84.4 MPH)
Bottom of the 3rd over - 0 runs, 1 hit, 0 errors, 2 left on base; Chicago 0 - Gary SouthShore 1
TOP OF THE 4TH
Chicago Dogs batting - Pitching for Gary SouthShore RailCats : RHP Neel Kenter
Batting: RHB Tom Barlow 0-0: Ball
1-0: Foul Ball, location: 2F
1-1: Ball
2-1: Foul Ball, location: 2F
2-2: Ground out 6-3 (Groundball, 6MS, EV 90.6 MPH)
Batting: SHB Ramiro Rivera 0-0: Called Strike
0-1: SINGLE (Groundball, 4MD, EV 100.6 MPH)
Batting: RHB Ruben Martinez 0-0: Ball
1-0: Called Strike
1-1: Ball
2-1: 2-RUN HOME RUN (Flyball, 7D, EV 104.4 MPH), Distance : 391 ft
Batting: RHB Javier Cuevas 0-0: Ball
1-0: Ground out 5-3 (Groundball, 56, EV 106.9 MPH)
Batting: RHB Humberto Salas 0-0: Called Strike
0-1: Ball
1-1: Called Strike
1-2: Fly out, F7 (Flyball, 7S, EV 94.4 MPH)
Top of the 4th over - 2 runs, 2 hits, 0 errors, 0 left on base; Chicago 2 - Gary SouthShore 1
BOTTOM OF THE 4TH
Gary SouthShore RailCats batting - Pitching for Chicago Dogs : RHP Matt Nunes
Batting: SHB Nick Butler 0-0: Swinging Strike
0-1: Foul Ball, location: 2F
0-2: Foul Ball, location: 2F
0-2: Ball
1-2: Strikes out swinging
Batting: RHB Kevin Oliver 0-0: Foul Ball, location: 2F
0-1: Ball
1-1: SINGLE (Groundball, 56D, EV 96.9 MPH)
Batting: SHB Art Jenkins 0-0: Ball
1-0: Called Strike
1-1: Called Strike
1-2: Foul Ball, location: 2F
1-2: Strikes out looking
Batting: RHB Jesus Mantilla 0-0: Ball
1-0: Ground out 4-3 (Groundball, 4D, EV 108.1 MPH)
Bottom of the 4th over - 0 runs, 1 hit, 0 errors, 1 left on base; Chicago 2 - Gary SouthShore 1
TOP OF THE 5TH
Chicago Dogs batting - Pitching for Gary SouthShore RailCats : RHP Neel Kenter
Batting: RHB Hector Torres 0-0: Called Strike
0-1: Fly out, F9 (Flyball, 9D, EV 91.9 MPH)
Batting: LHB Sebastien Brantley 0-0: Called Strike
0-1: Ball
1-1: Called Strike
1-2: Fly out, F6 (Line Drive, 6, EV 67.5 MPH)
Batting: RHB Tim Skrzypek 0-0: Ball
1-0: Called Strike
1-1: Foul Ball, location: 2F
1-2: Strikes out swinging
Top of the 5th over - 0 runs, 0 hits, 0 errors, 0 left on base; Chicago 2 - Gary SouthShore 1
BOTTOM OF THE 5TH
Gary SouthShore RailCats batting - Pitching for Chicago Dogs : RHP Matt Nunes
Batting: RHB Sean Armor 0-0: Ball
1-0: Ball
2-0: SINGLE (Line Drive, 4D, EV 95.6 MPH)
Batting: LHB Alejandro Ortiz 0-0: SINGLE (Groundball, 4D, EV 108.8 MPH)
Sean Armor to second
Runner from 2nd tries for 3rd, SAFE, throw by RF made to third
Batting: RHB Mark Zimny 0-0: Called Strike
0-1: Foul Ball, location: 2F
0-2: SINGLE (Line Drive, 89S, EV 91.9 MPH)
Sean Armor scores
Alejandro Ortiz to second
Batting: LHB Mario Vega 0-0: Called Strike
0-1: Ball
1-1: Swinging Strike
1-2: Ball
2-2: Foul Ball, location: 2F
2-2: Ball
3-2: SINGLE (Groundball, 34D, EV 98.1 MPH)
Alejandro Ortiz to third
Mark Zimny to second
Runner from 3rd tries for Home, SAFE, throw by RF to home
Batting: RHB Ken Kelly 0-0: Called Strike
0-1: Swinging Strike
0-2: Ball
1-2: Ball
2-2: Grounds into double play, 4-6-3 (Groundball, 4M, EV 94.4 MPH)
Mark Zimny to third
Batting: SHB Nick Butler 0-0: Foul Ball, location: 2F
0-1: Ball
1-1: Fly out, F6 (Popup, 6, EV 65.0 MPH)
Bottom of the 5th over - 2 runs, 4 hits, 0 errors, 1 left on base; Chicago 2 - Gary SouthShore 3
TOP OF THE 6TH
Chicago Dogs batting - Pitching for Gary SouthShore RailCats : RHP Neel Kenter
Batting: RHB Oscar Leon 0-0: Called Strike
0-1: Foul Ball, location: 2F
0-2: Foul Ball, location: 2F
0-2: Ball
1-2: Foul Ball, location: 2F
1-2: Strikes out swinging
Batting: RHB Tom Barlow 0-0: Ball
1-0: Foul Ball, location: 2F
1-1: Swinging Strike
1-2: Foul Ball, location: 2F
1-2: Ball
2-2: Foul Ball, location: 2F
2-2: Strikes out swinging
Batting: SHB Ramiro Rivera 0-0: Fly out, F6 (Line Drive, 6, EV 69.4 MPH)
Top of the 6th over - 0 runs, 0 hits, 0 errors, 0 left on base; Chicago 2 - Gary SouthShore 3
BOTTOM OF THE 6TH
Gary SouthShore RailCats batting - Pitching for Chicago Dogs : RHP Matt Nunes
Batting: RHB Kevin Oliver 0-0: Ball
1-0: Called Strike
1-1: Ball
2-1: Called Strike
2-2: Ball
3-2: Base on Balls
Batting: SHB Art Jenkins 0-0: Sac Bunt to 2L - play at second, runner OUT! 2-6
Batting: RHB Jesus Mantilla 0-0: Ball
1-0: Ball
2-0: Called Strike
2-1: Fly out, F9 (Flyball, 89M, EV 94.4 MPH)
Pitching: LHP Alan Jones
Batting: RHB Sean Armor 0-0: Ball
1-0: SINGLE (Flyball, 56D, EV 91.9 MPH)
Art Jenkins to second
Batting: LHB Alejandro Ortiz 0-0: Foul Ball, location: 2F
0-1: Fly out, F2 (Popup, 2RF, EV 86.2 MPH)
Bottom of the 6th over - 0 runs, 1 hit, 0 errors, 2 left on base; Chicago 2 - Gary SouthShore 3
TOP OF THE 7TH
Chicago Dogs batting - Pitching for Gary SouthShore RailCats : RHP Neel Kenter
Batting: RHB Ruben Martinez 0-0: Called Strike
0-1: Foul Ball, location: 2F
0-2: Ball
1-2: SINGLE (Groundball, 6MD, EV 98.1 MPH)
Batting: SHB Nate Gibson 0-0: Hit by Pitch
Ruben Martinez to second
Batting: RHB Humberto Salas 0-0: Called Strike
0-1: SINGLE (Groundball, 4MD, EV 106.9 MPH)
Ruben Martinez to third
Nate Gibson to second
Batting: RHB Hector Torres 0-0: SINGLE (Line Drive, 8LS, EV 96.2 MPH)
Ruben Martinez scores
Nate Gibson to third
Humberto Salas to second
Batting: LHB Sebastien Brantley 0-0: Swinging Strike
0-1: Fly out, F9 (Flyball, 89M, EV 79.4 MPH)
Runner from 3rd tags up, SCORES, no throw by RF
Batting: RHB Tim Skrzypek 0-0: Called Strike
0-1: Ball
1-1: Fielders Choice at 3rd, U5 (Groundball, 5L, EV 86.9 MPH)
Hector Torres to second
Batting: RHB Oscar Leon 0-0: Called Strike
0-1: Fly out, F9 (Flyball, 9D, EV 85.0 MPH)
Top of the 7th over - 2 runs, 3 hits, 0 errors, 2 left on base; Chicago 4 - Gary SouthShore 3
BOTTOM OF THE 7TH
Gary SouthShore RailCats batting - Pitching for Chicago Dogs : LHP Alan Jones
Batting: RHB Mark Zimny 0-0: DOUBLE (Line Drive, 9LD, EV 107.5 MPH)
Batting: LHB Mario Vega 0-0: Called Strike
0-1: Foul Ball, location: 2F
0-2: Ball
1-2: Ball
2-2: Ball
3-2: Ground out 5-3 (Groundball, 56S, EV 85.6 MPH)
Batting: RHB Ken Kelly 0-0: Called Strike
0-1: Ball
1-1: Ball
2-1: Swinging Strike
2-2: Ball
3-2: Base on Balls
Batting: SHB Nick Butler 0-0: Called Strike
0-1: Ball
1-1: Foul Ball, location: 2F
1-2: Foul Ball, location: 2F
1-2: Grounds into double play, 6-4-3 (Groundball, 6, EV 89.4 MPH)
Bottom of the 7th over - 0 runs, 1 hit, 0 errors, 1 left on base; Chicago 4 - Gary SouthShore 3
TOP OF THE 8TH
Chicago Dogs batting - Pitching for Gary SouthShore RailCats : RHP Neel Kenter
Batting: RHB Tom Barlow 0-0: Foul Ball, location: 2F
0-1: Ball
1-1: Ball
2-1: Foul Ball, location: 2F
2-2: Ball
3-2: DOUBLE (Flyball, 78XD, EV 113.8 MPH)
Batting: SHB Ramiro Rivera 0-0: Sac Bunt to 2L - play at first, batter OUT! 2-3
Tom Barlow to third
Batting: RHB Ruben Martinez 0-0: Ball
1-0: Foul Ball, location: 2F
1-1: Fly out, F7 (Line Drive, 7, EV 88.1 MPH)
Batting: SHB Nate Gibson 0-0: SINGLE (Line Drive, 56D, EV 104.4 MPH)
Tom Barlow scores
Batting: RHB Humberto Salas 0-0: Ball
1-0: Ball
2-0: Ball
3-0: Called Strike
3-1: Fly out, F9 (Flyball, 9S, EV 82.5 MPH)
Top of the 8th over - 1 run, 2 hits, 0 errors, 1 left on base; Chicago 5 - Gary SouthShore 3
BOTTOM OF THE 8TH
Gary SouthShore RailCats batting - Pitching for Chicago Dogs : LHP Alan Jones
Batting: RHB Kevin Oliver 0-0: Foul Ball, location: 2F
0-1: Ball
1-1: Fly out, F7 (Flyball, 78M, EV 93.8 MPH)
Batting: SHB Art Jenkins 0-0: Swinging Strike
0-1: Ball
1-1: Swinging Strike
1-2: Ball
2-2: Strikes out swinging
Batting: RHB Jesus Mantilla 0-0: SINGLE (Line Drive, 89S, EV 91.9 MPH)
Batting: RHB Sean Armor 0-0: Called Strike
0-1: Ball
1-1: SINGLE (Line Drive, 8LS, EV 101.2 MPH)
Jesus Mantilla to second
Runner from 2nd tries for 3rd, SAFE, no throw by CF
Batting: LHB Alejandro Ortiz 0-0: Foul Ball, location: 2F
0-1: Fielders Choice at 2nd, U4 (Groundball, 4M, EV 105.6 MPH)
Bottom of the 8th over - 0 runs, 2 hits, 0 errors, 2 left on base; Chicago 5 - Gary SouthShore 3
TOP OF THE 9TH
Chicago Dogs batting - Pitching for Gary SouthShore RailCats : RHP Neel Kenter
Pitching: RHP David Griffin
Batting: RHB Hector Torres 0-0: Ball
1-0: Ball
2-0: Ball
3-0: Called Strike
3-1: Ground out U3 (Groundball, 34, EV 104.4 MPH)
Batting: LHB Sebastien Brantley 0-0: Foul Ball, location: 2F
0-1: Called Strike
0-2: TRIPLE (Line Drive, 89XD, EV 102.5 MPH)
Batting: RHB Tim Skrzypek 0-0: Intentional Walk
Batting: RHB Oscar Leon 0-0: Ball
1-0: Called Strike
1-1: Ball
2-1: Called Strike
2-2: Foul Ball, location: 2F
2-2: Foul Ball, location: 2F
2-2: Strikes out looking
Batting: RHB Tom Barlow 0-0: Foul Ball, location: 2F
0-1: Ball
1-1: Foul Ball, location: 2F
1-2: Strikes out swinging
Top of the 9th over - 0 runs, 1 hit, 0 errors, 2 left on base; Chicago 5 - Gary SouthShore 3
BOTTOM OF THE 9TH
Gary SouthShore RailCats batting - Pitching for Chicago Dogs : LHP Alan Jones
Pitching: LHP Mike Steel
Batting: RHB Mark Zimny 0-0: Called Strike
0-1: Called Strike
0-2: SINGLE (Line Drive, 4MD, EV 96.2 MPH)
Pinch Hitting: RHB Dean Rasche 0-0: Foul Ball, location: 2F
0-1: Ball
1-1: Ball
2-1: Ball
3-1: Swinging Strike
3-2: Foul Ball, location: 2F
3-2: Base on Balls
Mark Zimny to second
Batting: RHB Ken Kelly 0-0: Ball
1-0: Foul Ball, location: 2F
1-1: Foul Ball, location: 2F
1-2: Grounds into double play, 4-6-3 (Groundball, 4, EV 97.5 MPH)
Mark Zimny to third
Batting: SHB Nick Butler 0-0: Ball
1-0: Ball
2-0: Foul Ball, location: 2F
2-1: Ball
3-1: Called Strike
3-2: Foul Ball, location: 2F
3-2: Base on Balls
Batting: RHB Kevin Oliver 0-0: Ball
1-0: Called Strike
1-1: Ball
2-1: Foul Ball, location: 2F
2-2: Strikes out looking
Bottom of the 9th over - 0 runs, 1 hit, 0 errors, 2 left on base; Chicago 5 - Gary SouthShore 3
Friday, October 29th , 2021 - OOTP Baseball 22.10 Build 79